 Dungeon Crawl Stone Soup version 0.30-a0-557-ge2afbf3030 (webtiles) character file.

Game seed: 17539139384902430759

6279 Newt the Skirmisher (level 11, -1/57 HPs)
             Began as a Kobold Hunter on Dec 27, 2022.
             Was a Believer of Hepliaklqana.
             Slain by a two-headed ogre
             ... wielding a +0 giant spiked club
              (6 damage)
             ... on level 10 of the Dungeon.
             The game lasted 00:10:26 (9851 turns).

Newt the Skirmisher (Kobold Hunter)                 Turns: 9851, Time: 00:10:27

Health: -1/57      AC: 27    Str:  8    XL:     11   Next: 15%
Magic:  11/11      EV:  4    Int: 12    God:    Hepliaklqana [**....]
Gold:   310        SH:  0    Dex: 22    Spells: 10/10 levels left

rFire   . . .      SeeInvis +    a - +2 shortbow
rCold   + + .      Faith    .    (shield currently unavailable)
rNeg    . . .      Spirit   .    r - +6 plate armour of the Centipede {rCorr Slay+2 SInv Stlth+}
rPois   .          Reflect  .    A - +0 hat
rElec   +          Harm     .    y - +1 cloak "Hene" {rCorr}
rCorr   +          Rampage  .    (no gloves)
Will    .....                    t - +0 pair of boots "Tiwnycli" {rElec rC++}
Stlth   +                        l - amulet of the acrobat
HPRegen 0.29/turn                d - +4 ring of protection
MPRegen 0.12/turn                (no ring)

@: no status effects
A: reduced essence, small, no large weapons, nightstalker 3
a: Renounce Religion, Ancestor Life: Knight, Ancestor Life: Battlemage, Ancestor
Life: Hexer, Recall Ancestor, Ancestor Identity


You were on level 10 of the Dungeon.
You worshipped Hepliaklqana.
Hepliaklqana was pleased with you.
You visited 1 branch of the dungeon, and saw 10 of its levels.
You also visited: Ossuary.

You collected 310 gold pieces.

Inventory:

Hand Weapons
 a - a +2 shortbow (weapon)
Armour
 c - a +0 leather armour
 e - a +1 cloak
 q - the +0 leather armour "Unoelus" {Rampage rElec}
   (You found it on level 4 of the Dungeon)

   rElec:     It insulates you from electricity.
   Rampage:   It bestows one free step when moving towards enemies.
 r - the +6 plate armour of the Centipede (worn) {rCorr Slay+2 SInv Stlth+}
   (You acquired it on level 7 of the Dungeon)

   Slay:      It affects your accuracy & damage with ranged weapons and melee
   (+2).
   SInv:      It lets you see invisible.
   rCorr:     It protects you from acid and corrosion.
   Stlth:     It makes you more stealthy.
 t - the +0 pair of boots "Tiwnycli" (worn) {rElec rC++}
   (You found it on level 5 of the Dungeon)

   rC:        It greatly protects you from cold.
   rElec:     It insulates you from electricity.
 y - the +1 cloak "Hene" (worn) {rCorr}
   (You found it on level 8 of the Dungeon)

   rCorr:     It protects you from acid and corrosion.
 A - a +0 hat (worn)
Jewellery
 d - a +4 ring of protection (left hand)
 l - an amulet of the acrobat (around neck)
Wands
 i - a wand of digging (4)
 k - a wand of flame (52)
 s - a wand of charming (9)
 w - a wand of polymorph (8)
 K - a wand of iceblast (4)
Scrolls
 b - a scroll of immolation
 g - a scroll of magic mapping
 h - a scroll of poison
 n - 5 scrolls of teleportation
 o - 3 scrolls of amnesia
 p - a scroll of blinking
 u - 3 scrolls of fear
Potions
 f - 5 potions of curing
 j - a potion of degeneration
 v - 2 potions of magic
 x - a potion of heal wounds
 z - 4 potions of brilliance
 B - a potion of invisibility
 C - a potion of might
 D - a potion of berserk rage
 E - a potion of cancellation
 F - a potion of ambrosia
 G - a potion of resistance
 H - 2 potions of flight
 I - 2 potions of lignification


   Skills:
 - Level 6.0 Fighting
 + Level 13.7 Ranged Weapons
 - Level 8.0 Armour
 - Level 6.0 Dodging
 - Level 4.0 Stealth
 - Level 5.0 Evocations


You had 10 spell levels left.
You didn't know any spells.
Your spell library contained the following spells:

 Spells                   Type           Power      Damage    Failure   Level
 Apportation              Tloc           0%         N/A       100%        1
 Necrotise                Necr           0%         1d4       100%        1
 Summon Small Mammal      Summ           0%         N/A       100%        1
 Blink                    Tloc           0%         N/A       100%        2
 Scorch                   Fire           0%         2d5       100%        2
 Ignite Poison            Fire/Tmut/Pois 0%         N/A       100%        3
 Kindle Blastsparks       Fire/Tloc/Air  0%         2d10      100%        3
 Airstrike                Air            0%         2d(0-16)  100%        4
 Flame Wave               Conj/Fire      0%         2d4       100%        4
 Manifold Assault         Tloc           0%         N/A       100%        4
 Petrify                  Tmut/Erth      0%         N/A       100%        4
 Summon Ice Beast         Ice/Summ       0%         N/A       100%        4
 Summon Lightning Spire   Summ/Air       0%         N/A       100%        4
 Freezing Cloud           Conj/Ice/Air   0%         6-21      100%        5
 Lightning Bolt           Conj/Air       0%         1d11      100%        5
 Metabolic Englaciation   Hex/Ice        0%         N/A       100%        5
 Summon Mana Viper        Hex/Summ       0%         N/A       100%        5
 Statue Form              Tmut/Erth      0%         N/A       100%        6
 Summon Cactus Giant      Summ           0%         N/A       100%        6
 Monstrous Menagerie      Summ           0%         N/A       100%        7
 Storm Form               Tmut/Air       0%         N/A       100%        7
 Maxwell's Capacitive Co  Air            0%         ∞         100%        8


Dungeon Overview and Level Annotations

Branches:
Dungeon (10/15)            Temple (0/1) D:7         Ossuary (visited)
   Lair: D:8-11         Orc: D:9-12

Altars:
Ashenzari
Hepliaklqana
Kikubaaqudgha
Qazlal
Ru
Trog
Uskayaw
Vehumet

Shops:
D:4 :


Innate Abilities, Weirdness & Mutations

Your life essence is reduced to manifest your ancestor. (-10% HP)
You are small and have problems with some larger weapons.
You are completely attuned to the shadows.


Message History

The two-headed ogre hits you with a +0 giant spiked club!
The two-headed ogre hits you with a +0 giant club.
The two-headed ogre hits you with a +0 giant spiked club!
The two-headed ogre hits you with a +0 giant club.
You are too injured to fight recklessly!
Throw: throwing net
Press: ? - help, Shift-Dir - straight line, f/p - two-headed ogre
Aim: a two-headed ogre, wielding a +0 giant spiked club and a +0 giant club (moderately wounded, 80% to hit)
You throw a throwing net.
The throwing net hits the two-headed ogre.
The two-headed ogre is caught in the net!
The two-headed ogre is moderately wounded.
Fire: a) +2 shortbow
Press: ? - help, Q - select action, (/) - cycle Shift-Dir - straight line, f/p - two-headed ogre
Aim: a two-headed ogre, wielding a +0 giant spiked club and a +0 giant club (moderately wounded, entangled in a net, 95% to hit)
You shoot an arrow. The arrow hits the two-headed ogre!
The two-headed ogre is moderately wounded.
The two-headed ogre struggles against the net. x2
Fire: a) +2 shortbow
Press: ? - help, Q - select action, (/) - cycle Shift-Dir - straight line, f/p - two-headed ogre
Aim: a two-headed ogre, wielding a +0 giant spiked club and a +0 giant club (moderately wounded, entangled in a net, 95% to hit)
You shoot an arrow. The arrow hits the two-headed ogre!
The two-headed ogre is heavily wounded.
The two-headed ogre struggles against the net. x2
Fire: a) +2 shortbow
Press: ? - help, Q - select action, (/) - cycle Shift-Dir - straight line, f/p - two-headed ogre
Aim: a two-headed ogre, wielding a +0 giant spiked club and a +0 giant club (heavily wounded, entangled in a net, 95% to hit)
You shoot an arrow. The arrow hits the two-headed ogre.
The two-headed ogre is heavily wounded.
The two-headed ogre struggles against the net. x2
The net rips apart, and the two-headed ogre comes free!
Fire: a) +2 shortbow
Press: ? - help, Q - select action, (/) - cycle Shift-Dir - straight line, f/p - two-headed ogre
Aim: a two-headed ogre, wielding a +0 giant spiked club and a +0 giant club (heavily wounded, 83% to hit)
You shoot an arrow.
The arrow barely misses the two-headed ogre.
The two-headed ogre hits you with a +0 giant spiked club!
* * * LOW HITPOINT WARNING * * *
The two-headed ogre hits you with a +0 giant club.
You die...

#..... .
#.#.....
#..#
#.#.....
.##...
#.#.....
...##
####.#.....
..##...
....<..O...
..).oo.
######@####
#.#o###
.?.......


.oo ####.##.. ...o #.# . .... #.. You could see a two-headed ogre.

Vanquished Creatures
  An unseen horror zombie (D:9)
  Grinder (D:3)
  7 yaks
  2 acid dragons
  2 water moccasins
  An ice beast (D:5)
  A black bear (D:5)
  An orc warrior (D:10)
  An ogre (D:5)
  5 centaurs
  4 kobold brigands
  4 bullfrogs
  A gnoll sergeant (D:9)
  3 scorpions
  2 necrophages (D:5)
  3 water moccasin zombies (Ossuary)
  6 wights (D:9)
  2 killer bees (D:9)
  2 howler monkeys
  3 centaur zombies (D:9)
  7 hounds
  3 jellies
  2 iguanas
  Ijyb (D:3)
  An orc wizard (D:9)
  A killer bee zombie (D:9)
  2 mummies
  8 gnolls
  7 adders
  2 shadow imps
  A white imp (D:8)
  An ufetubus (D:5)
  3 adder zombies (Ossuary)
  3 worms
  10 orcs
  6 ball pythons
  10 endoplasms
  2 giant cockroaches
  6 goblins
  5 hobgoblins
  7 jackals
  4 quokkas
  9 bats
  5 frilled lizards
  A gnoll zombie (Ossuary)
  8 hobgoblin zombies (Ossuary)
  24 kobolds
  8 kobold zombies (Ossuary)
  5 orc zombies (Ossuary)
  5 rats
209 creatures vanquished.

Vanquished Creatures (collateral kills)
  2 unseen horror zombies (D:9)
  A yak (D:9)
  3 centaurs (D:9)
  A bullfrog (D:8)
  A gnoll sergeant (D:9)
  A wight (D:9)
  A killer bee (D:9)
  A centaur zombie (D:9)
  An orc priest (D:9)
  A mummy (Ossuary)
  4 gnolls (D:9)
  6 orcs
  A gnoll zombie (Ossuary)
  5 kobolds (D:9)
  2 kobold zombies (Ossuary)
  An orc zombie (Ossuary)
32 creatures vanquished.

Vanquished Creatures (others)
  10 ancestors
10 creatures vanquished.

Grand Total: 251 creatures vanquished

Notes
Turn   | Place    | Note
-------+----------+-------------------------------------------
     0 | D:1      | Newt the Kobold Hunter began the quest for the Orb.
     0 | D:1      | Reached XP level 1. HP: 12/12 MP: 1/1
    10 | D:1      | Found a faded altar of an unknown god.
   234 | D:1      | Reached XP level 2. HP: 17/17 MP: 2/2
   279 | D:1      | Reached skill level 6 in Ranged Weapons
   483 | D:1      | Reached XP level 3. HP: 21/21 MP: 3/3
   922 | D:2      | Reached skill level 7 in Ranged Weapons
   922 | D:2      | Reached XP level 4. HP: 17/26 MP: 4/4
  1035 | D:2      | Found a stormy altar of Qazlal.
  1463 | D:3      | Found a broken altar of Ashenzari.
  1652 | D:3      | Found a radiant altar of Vehumet.
  1869 | D:3      | Noticed Grinder
  1880 | D:3      | Paralysed by Grinder for 5 turns
  1890 | D:3      | Killed Grinder
  1891 | D:3      | Reached skill level 8 in Ranged Weapons
  1891 | D:3      | Reached skill level 5 in Dodging
  1891 | D:3      | Reached XP level 5. HP: 26/30 MP: 5/5
  1891 | D:3      | Reached XP level 6. HP: 31/35 MP: 6/6
  2018 | D:3      | Noticed Ijyb
  2026 | D:3      | Killed Ijyb
  2674 | D:4      | Noticed a water moccasin
  2677 | D:4      | Killed a water moccasin
  2678 | D:4      | Reached XP level 7. HP: 40/40 MP: 7/7
  2785 | D:4      | Identified the +0 leather armour "Unoelus" {Rampage rElec}
  2867 | D:4      | Reached skill level 1 in Armour
  2931 | D:4      | Found Ywease's Book Shop.
  3854 | D:5      | Entered Level 5 of the Dungeon
  3920 | D:5      | Reached XP level 8. HP: 33/44 MP: 8/8
  4027 | D:5      | Identified the +0 pair of boots "Tiwnycli" {rElec rC++}
  4238 | D:5      | Reached skill level 5 in Fighting
  4743 | D:6      | Reached XP level 9. HP: 55/55 MP: 9/9
  4863 | D:6      | Reached skill level 9 in Ranged Weapons
  5242 | D:7      | Found a bloodstained altar of Trog.
  5242 | D:7      | Found an ancient bone altar of Kikubaaqudgha.
  5242 | D:7      | Found a hazy altar of Hepliaklqana.
  5247 | D:7      | Became a worshipper of Hepliaklqana the Forgotten
  5309 | D:7      | Reached skill level 10 in Ranged Weapons
  5309 | D:7      | Reached skill level 1 in Evocations
  5521 | D:7      | Identified a scroll of acquirement
  5521 | D:7      | Acquired the +6 plate armour of the Centipede {rCorr Slay+2
                  | SInv Stlth+}
  5607 | D:7      | Found a hide-covered altar of Uskayaw.
  5818 | D:7      | Found a staircase to the Ecumenical Temple.
  6063 | D:8      | Reached skill level 5 in Evocations
  6069 | D:8      | Reached skill level 5 in Armour
  6242 | D:8      | Reached XP level 10. HP: 60/60 MP: 10/10
  6247 | D:8      | Found a sand-covered staircase.
  6257 | Ossuary  | Entered an ossuary
  6355 | Ossuary  | Reached * piety under Hepliaklqana
  6467 | D:8      | Identified the +1 cloak "Hene" {rCorr}
  6935 | D:8      | Found a sacrificial altar of Ru.
  7882 | D:8      | Reached skill level 11 in Ranged Weapons
  8230 | D:9      | Reached skill level 12 in Ranged Weapons
  8706 | D:9      | Reached XP level 11. HP: 25/57 MP: 11/11
  9001 | D:9      | Reached skill level 13 in Ranged Weapons
  9017 | D:9      | HP: 2/57 [yak (11)]
  9022 | D:9      | HP: 2/57 [yak (7)]
  9396 | D:10     | Entered Level 10 of the Dungeon
  9477 | D:10     | Reached ** piety under Hepliaklqana
  9646 | D:10     | Noticed an orc knight
  9842 | D:10     | Noticed a two-headed ogre
  9851 | D:10     | Slain by a two-headed ogre

Illustrated notes

Levels and vault maps discovered:
D:1:      dpeg_arrival_tiny_a, layout_rooms,
          hellmonk_ecumenical_altar_slurped_away
D:2:      layout_rooms, basic_altar
D:3:      layout_loops_corners, vehumet_altar_wand_db,
          nicolae_ashenzari_skybound, minmay_misc_feat_diagonals, uniq_grinder,
          uniq_ijyb
D:4:      nicolae_cairo_tiling_large, layout_layer_cave, serial_shops,
          nicolae_diamond_shop
D:5:      layout_cave_pools, chequers_serial_rivers_micro_b
D:6:      layout_gridville
D:7:      layout_loops_ring, kennysheep_mini,
          chequers_temple_overflow_statue_of_worship,
          minmay_temple_entry_overgrown, serial_bayou_pond_d
D:8:      layout_basic, nicolae_ru_the_path_less_chosen,
          gup_ossuary_entry_pyramid, supply_closet_lemuel,
          chequers_serial_rivers_micro_c
D:9:      layout_gridville, serial_undead, serial_undead_e, serial_undead_f,
          serial_undead_d, serial_undead_d
D:10:     layout_basic, erik_lair_dragon, orc_david_3

Skill      XL: |  1  2  3  4  5  6  7  8  9 10 11 |
---------------+----------------------------------+-----
Ranged Weapons | 6 7 8 10 12 13 | 13.7
Dodging        | 5 6 |  6.0
Stealth        | 4 |  4.0
Armour         | 3 4 6 8 |  8.0
Fighting       | 6 |  6.0
Evocations     | 5 |  5.0

Action                   |  1- 3 |  4- 6 |  7- 9 | 10-12 || total
-------------------------+-------+-------+-------+-------++-------
 Fire: Shortbow          |    94 |    94 |   269 |   281 ||   738
Throw: Throwing net      |       |     1 |     1 |     1 ||     3
  Use: Scroll            |     5 |     5 |     8 |     9 ||    27
       Potion            |       |       |     1 |     2 ||     3
Armor: Leather armour    |    22 |    10 |    43 |       ||    75
       Plate armour      |       |       |    85 |   406 ||   491
Dodge: Dodged            |    41 |    28 |   195 |   175 ||   439

Table legend: (Time is in decaauts)
 A = Elapsed time spent in this place.
 B = Non-inter-level travel time spent in this place.
 C = Inter-level travel time spent in this place.
 D = Time resting spent in this place.
 E = Time spent auto-exploring this place.
 F = Levels seen in this place.
 G = Mean time per level.
                   A        B        C        D        E       F      G
               +--------+--------+--------+--------+--------+-----+--------+
         Total |  10252 |   9982 |    270 |   1596 |   6559 |  11 |  932.0 |
       Dungeon |   9983 |   9713 |    270 |   1596 |   6455 |  10 |  998.3 |
       Ossuary |    269 |    269 |      0 |      0 |    104 |   1 |  269.0 |
               +--------+--------+--------+--------+--------+-----+--------+

Top non-repeatable levels by time:
     D:9: 1888 daAuts
     D:8: 1555 daAuts
     D:3: 1328 daAuts
     D:4: 1284 daAuts
     D:7: 890 daAuts
     D:5: 839 daAuts
     D:1: 773 daAuts
     D:6: 527 daAuts
     D:2: 508 daAuts
    D:10: 387 daAuts
 Ossuary: 269 daAuts
